 Dungeon Crawl Stone Soup version 0.19.1 (webtiles) character file.

53 Host24 the Bolt Thrower (level 4, 0/29 HPs)
             Began as a Kobold Hunter on Dec 31, 2016.
             Slain by Robin
             ... wielding a +0 spear
              (4 damage)
             ... on level 2 of the Dungeon.
             The game lasted 00:03:02 (1464 turns).

Host24 the Bolt Thrower (Kobold Hunter)             Turns: 1464, Time: 00:03:03

Health: 0/29       AC:  3    Str:  9    XL:     4   Next: 10%
Magic:  4/4        EV: 15    Int: 12    God:
Gold:   97         SH:  0    Dex: 16    Spells: 0 memorised, 3 levels left

rFire  . . .     SeeInvis .     B - +2 dagger (speed)
rCold  . . .     Gourm    .     c - +0 leather armour
rNeg   . . .     Faith    .     (shield restricted)
rPois  .         Spirit   .     (no helmet)
rElec  .         Reflect  .     (no cloak)
rCorr  .         Harm     .     (no gloves)
MR     .....                    (no boots)
Stlth  ++........               (no amulet)
                                (no ring)
                                (no ring)

@: no status effects
A: carnivore 3
a: no special abilities


You were on level 2 of the Dungeon.
You were completely stuffed.

You visited 1 branch of the dungeon, and saw 2 of its levels.

You collected 97 gold pieces.

Inventory:

Hand Weapons
 a - a +1 hand crossbow
 b - a +0 short sword
 p - a cursed -3 dagger
 B - a +2 dagger of speed (weapon)
Missiles
 d - 39 bolts
 i - 9 arrows
 j - 27 stones (quivered)
 u - 4 exploding tomahawks
 w - 14 sling bullets
Armour
 c - a +0 leather armour (worn)
Jewellery
 n - a +5 ring of intelligence {unknown}
 v - a +3 ring of dexterity {unknown}
Scrolls
 e - 4 scrolls of identify {unknown}
 h - a scroll of recharging {unknown}
 l - a scroll of blinking {unknown}
 q - a scroll of noise {unknown}
 s - a scroll of fog {unknown}
 y - a scroll of enchant weapon {unknown}
Potions
 g - a potion of lignification {unknown}
 k - a potion of ambrosia
 m - a potion of flight {unknown}
 o - a potion of curing {unknown}
 r - a potion of mutation {unknown}
 t - a potion of brilliance {unknown}
 z - a potion of heal wounds {unknown}
Comestibles
 f - 3 meat rations
 x - a slice of pizza


   Skills:
 + Level 4.0 Fighting
 - Level 5.0 Crossbows
 - Level 3.0 Dodging
 - Level 1.3 Stealth


You had 3 spell levels left.
You didn't know any spells.

Dungeon Overview and Level Annotations

Branches:
Dungeon (2/15)

Altars:
Ru

Annotations:
D:2 Robin


Innate Abilities, Weirdness & Mutations

You are small and have problems with some larger weapons.
You are carnivorous and can eat meat at any time.


Message History

Robin hits you with a spear.
You hit Robin but do no damage.
Robin is moderately wounded.
Robin hits you but does no damage.
You hit Robin but do no damage.
Robin is moderately wounded.
You barely miss Robin.
Robin is moderately wounded.
Robin hits you with a spear.
* * * LOW HITPOINT WARNING * * *
You hit Robin.
Robin is heavily wounded.
Robin hits you with a spear.
* * * LOW HITPOINT WARNING * * *
You barely miss Robin.
Robin is heavily wounded.
You hit Robin but do no damage.
Robin is heavily wounded.
Robin hits you with a spear.
You die...

#. #..#.......###. . #
#.##.>#......)# #. #######.
.##.....#.......# ## g.....#
..# #...#.......# # g%g..#
#.# #...#.......# # g...##
#.# #...........####
...##.#[# #..##........##.
#...#.#.###...............
#.......)@.†..............
#..#$####.g##.###.#.#####...
##.#..# #.###############...
#.##g###..# #.# #......
#.>....#g.## ##.## ##..#...
#####..gg..# #.g.# #.g##...
###....#.###.#g###.###...
#......#..#.g#..#g.#.##..
#.........##...###.g.##.....


You could see Robin.

Vanquished Creatures
  A dart slug (D:2)
  2 giant cockroaches (D:1)
  12 goblins
  7 hobgoblins
  5 kobolds (D:1)
  A quokka (D:2)
  7 bats
  2 frilled lizards
  6 rats
43 creatures vanquished.

Notes
Turn   | Place    | Note
-------+----------+-------------------------------------------
     0 | D:1      | Host24 the Kobold Hunter began the quest for the Orb.
     0 | D:1      | Reached XP level 1. HP: 12/12 MP: 1/1
   243 | D:1      | Reached XP level 2. HP: 17/18 MP: 2/2
   803 | D:2      | Reached XP level 3. HP: 23/23 MP: 3/3
   885 | D:2      | Found a sacrificial altar of Ru.
  1056 | D:2      | Noticed Robin
  1426 | D:2      | Reached skill level 5 in Crossbows
  1444 | D:2      | Reached XP level 4. HP: 16/29 MP: 4/4
  1464 | D:2      | Slain by Robin

Skill      XL: |  1  2  3  4 |
---------------+-------------+-----
Fighting       | 3 4 |  4.0
Dodging        | 3 |  3.0
Crossbows      | 5 |  5.0
Stealth        | |  1.3

Action                   |  1- 3 |  4- 6 || total
-------------------------+-------+-------++-------
Melee: Short sword       |    99 |       ||    99
       Dagger            |    50 |    19 ||    69
  Use: Potion            |     1 |       ||     1
 Stab: Sleeping          |     2 |       ||     2
  Eat: Chunk             |    10 |       ||    10
Armor: Leather armour    |    53 |     1 ||    54
Dodge: Dodged            |   178 |    10 ||   188
